 Dungeon Crawl Stone Soup version 0.27.1-33-g824d729ab1 (webtiles) character file.

Game seed: 12102646276737939955

424 halfoni the Chopper (level 7, -5/54 HPs)
             Began as a Human Berserker on Dec 18, 2021.
             Was a Priest of Trog.
             Killed by nerve-wracking pain
             ... invoked by Grinder
              (12 damage)
             ... on level 4 of the Dungeon.
             The game lasted 00:06:57 (5492 turns).

halfoni the Chopper (Human Berserker)               Turns: 5492, Time: 00:06:58

Health: -5/54      AC: 11    Str: 19    XL:     7   Next: 17%
Magic:  7/7        EV: 10    Int:  8    God:    Trog [***...]
Gold:   254        SH:  0    Dex: 12    Spells: 6/6 levels left

rFire    + . .     SeeInvis .   a - +0 hand axe
rCold    . . .     Faith    .   (no shield)
rNeg     . . .     Spirit   .   k - +2 scale mail {rF+}
rPois    .         Reflect  .   n - +0 helmet
rElec    .         Harm     .   (no cloak)
rCorr    .         Rampage  .   j - +0 pair of gloves
Will     .....                  (no boots)
Stlth    ..........             (no amulet)
HPRegen  0.18/turn              (no ring)
MPRegen  0.10/turn              (no ring)

@: on berserk cooldown
A: no striking features
a: Renounce Religion, Berserk, Trog's Hand


You were on level 4 of the Dungeon.
You worshipped Trog.
Trog was most pleased with you.
You visited 1 branch of the dungeon, and saw 4 of its levels.

You collected 254 gold pieces.

Inventory:

Hand Weapons
 a - a +0 hand axe (weapon)
Armour
 j - a +0 pair of gloves (worn)
 k - a +2 scale mail of fire resistance (worn)
 n - a +0 helmet (worn)
Jewellery
 c - a ring of wizardry
Scrolls
 b - a scroll of immolation {unknown}
 d - a scroll of enchant armour {unknown}
 f - 2 scrolls of identify {unknown}
 g - a scroll of fog {unknown}
 h - a scroll of enchant weapon {unknown}
 l - a scroll of teleportation {unknown}
Potions
 e - a potion of brilliance {unknown}
 i - a potion of heal wounds {unknown}
 m - a potion of degeneration {unknown}


   Skills:
 + Level 4.0 Fighting
 + Level 5.5 Axes
 * Level 4.2 Armour
 + Level 2.7 Dodging


You had 6 spell levels left.
You didn't know any spells.
Your spell library was empty.

Dungeon Overview and Level Annotations

Branches:
Dungeon (4/15)
 Temple: D:4-7

Altars:

Annotations:
D:4 Grinder


Message History

You miss the adder. The adder bites you. Grinder gestures at you.
Pain shoots through your body! The adder bites you but does no damage.
You closely miss Grinder.
Grinder is almost dead.
You hit the adder. The adder barely misses you. Grinder completely misses you.
The adder bites you but does no damage. Grinder barely misses you.
You're still recovering from your berserk rage.
You closely miss Grinder.
Grinder is almost dead.
Your scale mail prevents you from hitting the adder.
The adder barely misses you. Grinder gestures at you.
You suddenly lose the ability to move!
The adder bites you but does no damage. Grinder hits you but does no damage.
The adder bites you but does no damage.
You feel yourself speed up. The adder bites you. Grinder hits you!
You writhe in agony.
* * * LOW HITPOINT WARNING * * *
The adder bites you but does no damage. Grinder hits you.
* * * LOW HITPOINT WARNING * * *
You writhe in agony.
* * * LOW HITPOINT WARNING * * *
The adder bites you but does no damage. Grinder gestures at you.
You shrug off the repeated paralysis!
The adder bites you.
* * * LOW HITPOINT WARNING * * *
Grinder hits you but does no damage. The adder bites you but does no damage.
The adder bites you.
* * * LOW HITPOINT WARNING * * *
Grinder barely misses you. The adder bites you.
* * * LOW HITPOINT WARNING * * *
You can move again.
Unknown command.
You closely miss Grinder.
Grinder is almost dead.
You barely miss the adder.
Grinder says, "Mostly I couldn't keep them alive."
Grinder gestures at you. Pain shoots through your body!
You die...

....#(# #.#
#..# .......
#.# #..#
...... #.#
#..# ..##...
#.#####.###..#
.......
.............#
..#####
............##
.....
..#####.#####
.#####
##.#####5# .#
..?.SJS@.# ..
.[.####### ##


You could see Grinder, 2 adders and an endoplasm.

Vanquished Creatures
  A bullfrog (D:4)
  A scorpion (D:4)
  A hound (D:4)
  A bullfrog skeleton (D:4)
  A jelly (D:4)
  An iguana (D:4)
  A hound skeleton (D:4)
  Robin (D:2)
  5 adders
  3 dart slugs (D:1)
  2 worms
  5 orcs
  7 endoplasms
  A giant cockroach (D:4)
  17 goblins
  6 hobgoblins
  13 jackals
  2 quokkas
  7 ball pythons
  11 bats
  2 frilled lizards (D:3)
  6 kobolds
  4 rats
99 creatures vanquished.

Vanquished Creatures (others)
  2 plants (D:1)
2 creatures vanquished.

Grand Total: 101 creatures vanquished

Notes
Turn   | Place    | Note
-------+----------+-------------------------------------------
     0 | D:1      | halfoni the Human Berserker began the quest for the Orb.
     0 | D:1      | Reached XP level 1. HP: 18/18 MP: 1/1
   183 | D:1      | Reached XP level 2. HP: 24/24 MP: 2/2
   351 | D:1      | Reached XP level 3. HP: 29/29 MP: 3/3
   360 | D:1      | Reached ** piety under Trog
  1071 | D:1      | Found a faded altar of an unknown god.
  1325 | D:2      | Reached XP level 4. HP: 35/35 MP: 4/4
  1488 | D:2      | Reached skill level 4 in Axes
  2391 | D:2      | Reached XP level 5. HP: 41/41 MP: 5/5
  2538 | D:2      | Noticed Robin
  2551 | D:2      | Killed Robin
  2551 | D:2      | Reached *** piety under Trog
  4053 | D:4      | Reached XP level 6. HP: 48/48 MP: 6/6
  4243 | D:4      | Reached skill level 5 in Axes
  4742 | D:4      | Reached XP level 7. HP: 38/54 MP: 7/7
  5458 | D:4      | Noticed Grinder
  5485 | D:4      | Paralysed by Grinder for 7 turns
  5492 | D:4      | Killed from afar by Grinder

Illustrated notes

Levels and vault maps discovered:
D:1:      wander_arrival_lonely_grave, layout_loops_ring,
          chequers_ecumenical_altar_lobes, nrook_mini_backslash
D:2:      layout_loops_ring, uniq_robin
D:3:      layout_basic, serial_rivers, chequers_serial_rivers_room_a,
          chequers_serial_rivers_micro_d, chequers_serial_rivers_micro_a,
          chequers_serial_rivers_micro_b, chequers_serial_rivers_marsh,
          chequers_serial_rivers_micro_e, minivault_5
D:4:      layout_loops_ring, grunt_decor_one_mirror, uniq_grinder

Skill      XL: |  1  2  3  4  5  6 |
---------------+-------------------+-----
Axes           | 4 5 |  5.5
Armour         | 3 4 |  4.2
Fighting       | 4 |  4.0
Dodging        | |  2.7

Action                   |  1- 3 |  4- 6 |  7- 9 || total
-------------------------+-------+-------+-------++-------
Melee: Hand axe          |    88 |   183 |    47 ||   318
Invok: Berserk           |     1 |     5 |     1 ||     7
Armor: Animal skin       |    19 |       |       ||    19
       Chain mail        |    14 |    75 |       ||    89
       Scale mail        |       |    38 |    28 ||    66
       Skin              |       |       |     3 ||     3
Dodge: Dodged            |    62 |    87 |    26 ||   175
